 Dungeon Crawl Stone Soup version 0.23.2-1-ga50397a6bc (webtiles) character file.

Game seed: 13351789137643845720

1298 Andrea the Grasshopper (level 8, -8/64 HPs)
             Began as a Gnoll Warper on May 6, 2019.
             Mangled by an orc warrior
             ... wielding a +0 long sword
              (18 damage)
             ... on level 6 of the Dungeon.
             The game lasted 00:18:25 (8291 turns).

Andrea the Grasshopper (Gnoll Warper)               Turns: 8291, Time: 00:18:26

Health: -8/64      AC:  5    Str: 15    XL:     8   Next: 56%
Magic:  12/17      EV: 14    Int: 16    God:
Gold:   321        SH:  0    Dex: 15    Spells: 9/19 levels left

rFire    . . .     SeeInvis .   a - +0 mace
rCold    . . .     Gourm    .   (no shield)
rNeg     . . .     Faith    .   k - +0 ring mail
rPois    .         Spirit   .   (no helmet)
rElec    .         Reflect  .   (no cloak)
rCorr    .         Harm     .   (no gloves)
MR       .....                  (no boots)
Stlth    ++........             (no amulet)
HPRegen  0.20/turn              (no ring)
MPRegen  0.15/turn              (no ring)

@: no status effects
A: distributed training, fangs 1, strong nose
a: no special abilities


You were on level 6 of the Dungeon.
You were not hungry.

You visited 1 branch of the dungeon, and saw 6 of its levels.

You collected 321 gold pieces.

Inventory:

Hand Weapons
 a - a +0 mace (weapon)
Missiles
 e - 4 tomahawks of dispersal
 j - 18 poisoned needles
 r - 9 javelins (quivered)
Armour
 b - a +0 leather armour
 k - a +0 ring mail (worn)
 p - a +0 chain mail
Wands
 l - a wand of paralysis (10)
 w - a wand of random effects (21)
Scrolls
 d - 2 scrolls of blinking
 h - 2 scrolls of amnesia
 n - a scroll of immolation {unknown}
 q - 5 scrolls of remove curse
 t - a scroll of vulnerability {unknown}
Potions
 c - a potion of ambrosia {unknown}
 g - a potion of degeneration {unknown}
 i - a potion of haste {unknown}
 m - 6 potions of curing
 o - 2 potions of invisibility
 u - a potion of heal wounds {unknown}
 x - a potion of resistance {unknown}
Comestibles
 f - 8 rations


   Skills:
 + Level 5.7 Fighting
 + Level 3.3 Short Blades
 + Level 3.3 Long Blades
 + Level 3.3 Axes
 + Level 5.7 Maces & Flails
 + Level 3.3 Polearms
 + Level 3.3 Staves
 + Level 3.3 Slings
 + Level 3.3 Bows
 + Level 3.3 Crossbows
 + Level 4.2 Throwing
 + Level 4.2 Armour
 + Level 5.7 Dodging
 + Level 3.3 Stealth
 + Level 3.3 Shields
 + Level 3.3 Unarmed Combat
 + Level 6.0 Spellcasting
 + Level 2.7 Conjurations
 + Level 2.7 Hexes
 + Level 2.7 Charms
 + Level 2.7 Summonings
 + Level 2.7 Necromancy
 + Level 6.1 Translocations
 + Level 2.7 Transmutations
 + Level 2.7 Fire Magic
 + Level 2.7 Ice Magic
 + Level 2.7 Air Magic
 + Level 2.7 Earth Magic
 + Level 2.7 Poison Magic
 + Level 3.6 Invocations
 + Level 3.3 Evocations


You had 9 spell levels left.
You knew the following spells:

 Your Spells              Type           Power        Failure   Level  Hunger
a - Shroud of Golubria    Chrm/Tloc      ###.......   6%          2    #......
b - Blink                 Tloc           N/A          3%          2    #......
c - Teleport Other        Tloc           ###.....     6%          3    ##.....
d - Confuse               Hex            ##......     26%         3    ##.....

Your spell library contained the following spells:

 Spells                   Type           Power        Failure   Level  Hunger
 Gell's Gravitas          Tloc           ###.......   6%          3    ##.....
 Lesser Beckoning         Tloc           ###.......   6%          3    ##.....
 Corona                   Hex            ##.....      9%          1    None
 Ensorcelled Hibernation  Hex/Ice        ##....       13%         2    #......
 Passage of Golubria      Tloc           N/A          21%         4    ####...
 Dazzling Spray           Conj/Hex       ##....       26%         3    ##.....
 Tukima's Dance           Hex            ##......     26%         3    ##.....


Dungeon Overview and Level Annotations

Branches:
Dungeon (6/15)
 Temple: D:4-7

Altars:
Elyvilon
Gozag
Hepliaklqana
Okawaru
Sif Muna
The Shining One

Annotations:
D:4 Grinder


Innate Abilities, Weirdness & Mutations

Your experience applies equally to all skills.
You have very sharp teeth.
Your uncanny sense of smell can sniff out nearby items.


Message History

The orc warrior barely misses you.
You closely miss the orc warrior. The orc warrior closely misses you.
You hit the orc warrior but do no damage.
The orc warrior hits you with a +0 long sword!
You hit the orc warrior but do no damage.
The orc warrior barely misses you.
You closely miss the orc warrior.
You bite the orc warrior, but do no damage.
The orc warrior hits you with a +0 long sword.
You closely miss the orc warrior.
The orc warrior hits you with a +0 long sword!!
* * * LOW HITPOINT WARNING * * *
Casting: Shroud of Golubria (safe; 6% risk of failure)
Confirm with . or Enter, or press ? or * to list all spells.
Aiming: Teleport Other (safe; 6% risk of failure)
Press: ? - help, Shift-Dir - straight line, f/p - orc warrior
Aim: an orc warrior, wielding a +0 long sword and wearing a +0 plate armour (chance to defeat MR: 64%)
The orc warrior looks slightly unstable.
The orc warrior hits you with a +0 long sword!!
You die...

##################....[).....#...
............#....#.>.........+...
............#....†.[.........#...
............#....#...........#[##
.......(....#....###########.....
...<.)......#....[.........#.....
............#..............'.....
............#...o..........#.....
......###..###..@##...##...#.....
#########..###...##...##...######
............#.........#......#...
............#.........#......'...
............#.....[[..'......#...
.......#######...##...#......#...
.......##...#######...#......#...
..................'...#......#...
......[.......(..##...##....##...


You could see an orc warrior.

Vanquished Creatures
  An ice beast (D:5)
  A sky beast (D:5)
  Blork the orc (D:6)
  A howler monkey (D:5)
  4 crimson imps
  3 hounds
  A bullfrog skeleton (D:5)
  4 orc priests
  3 iguanas
  Natasha (thrice) (D:3)
  6 orc wizards
  4 worker ants
  3 worker ant zombies (D:5)
  9 adders
  A howler monkey skeleton (D:4)
  3 oozes
  An adder skeleton (D:4)
  3 worms
  3 leopard geckos
  13 orcs
  A ball python (D:5)
  6 bats
  5 giant cockroaches
  4 hobgoblins
  8 jackals
  6 kobolds
  3 quokkas
  4 frilled lizards
  8 goblins
  2 goblin zombies (D:4)
  2 hobgoblin zombies (D:4)
  2 jackal skeletons
  A jackal zombie (D:6)
  A kobold zombie (D:4)
  A leopard gecko skeleton (D:4)
  A leopard gecko zombie (D:5)
  An orc skeleton (D:4)
  An orc zombie (D:4)
  9 rats
134 creatures vanquished.

Notes
Turn   | Place    | Note
-------+----------+-------------------------------------------
     0 | D:1      | Andrea the Gnoll Warper began the quest for the Orb.
     0 | D:1      | Reached XP level 1. HP: 20/20 MP: 6/6
   501 | D:1      | Reached XP level 2. HP: 26/26 MP: 7/7
   505 | D:1      | Learned a level 2 spell: Shroud of Golubria
   508 | D:1      | Learned a level 2 spell: Blink
   946 | D:2      | Reached XP level 3. HP: 24/31 MP: 7/9
  1132 | D:1      | Reached skill level 5 in Spellcasting
  1182 | D:2      | Reached skill level 1 in Invocations
  1352 | D:2      | Found an opulent altar of Gozag.
  1503 | D:2      | Found an iron altar of Okawaru.
  1522 | D:2      | Reached skill level 1 in Short Blades
  1522 | D:2      | Reached skill level 1 in Long Blades
  1522 | D:2      | Reached skill level 1 in Axes
  1522 | D:2      | Reached skill level 1 in Polearms
  1522 | D:2      | Reached skill level 1 in Staves
  1522 | D:2      | Reached skill level 1 in Slings
  1522 | D:2      | Reached skill level 1 in Bows
  1522 | D:2      | Reached skill level 1 in Crossbows
  1522 | D:2      | Reached skill level 1 in Stealth
  1522 | D:2      | Reached skill level 1 in Shields
  1522 | D:2      | Reached skill level 1 in Unarmed Combat
  1522 | D:2      | Reached skill level 1 in Evocations
  1522 | D:2      | Reached XP level 4. HP: 38/38 MP: 8/11
  1944 | D:3      | Noticed an ogre
  2139 | D:3      | Reached skill level 1 in Conjurations
  2139 | D:3      | Reached skill level 1 in Hexes
  2139 | D:3      | Reached skill level 1 in Charms
  2139 | D:3      | Reached skill level 1 in Summonings
  2139 | D:3      | Reached skill level 1 in Necromancy
  2139 | D:3      | Reached skill level 1 in Transmutations
  2139 | D:3      | Reached skill level 1 in Fire Magic
  2139 | D:3      | Reached skill level 1 in Ice Magic
  2139 | D:3      | Reached skill level 1 in Air Magic
  2139 | D:3      | Reached skill level 1 in Earth Magic
  2139 | D:3      | Reached skill level 1 in Poison Magic
  2462 | D:3      | Learned a level 3 spell: Teleport Other
  2515 | D:3      | Noticed Natasha
  2561 | D:3      | Killed Natasha
  2561 | D:3      | Reached XP level 5. HP: 27/43 MP: 12/12
  2840 | D:3      | Noticed Natasha
  2849 | D:3      | Killed Natasha
  3167 | D:3      | Noticed Natasha
  3176 | D:3      | Killed Natasha
  3471 | D:4      | Found a glowing golden altar of the Shining One.
  3488 | D:4      | Reached XP level 6. HP: 50/50 MP: 13/13
  3630 | D:4      | Reached skill level 5 in Fighting
  3630 | D:4      | Reached skill level 5 in Maces & Flails
  3630 | D:4      | Reached skill level 5 in Dodging
  4480 | D:4      | Found a white marble altar of Elyvilon.
  4495 | D:4      | Reached XP level 7. HP: 43/56 MP: 15/15
  4609 | D:4      | Noticed Grinder
  4651 | D:4      | Learned a level 3 spell: Confuse
  4709 | D:4      | Found a hazy altar of Hepliaklqana.
  4873 | D:5      | Entered Level 5 of the Dungeon
  6305 | D:5      | Reached XP level 8. HP: 58/63 MP: 16/16
  6561 | D:5      | Found a deep blue altar of Sif Muna.
  7475 | D:6      | Noticed Blork the orc
  7483 | D:6      | Killed Blork the orc
  8291 | D:6      | Mangled by an orc warrior

Skill      XL: |  1  2  3  4  5  6  7  8 |
---------------+-------------------------+-----
Spellcasting   | 5 6 |  6.0
Invocations    | 1 2 3 |  3.6
Short Blades   | 1 2 3 |  3.3
Long Blades    | 1 2 3 |  3.3
Axes           | 1 2 3 |  3.3
Polearms       | 1 2 3 |  3.3
Staves         | 1 2 3 |  3.3
Slings         | 1 2 3 |  3.3
Bows           | 1 2 3 |  3.3
Crossbows      | 1 2 3 |  3.3
Stealth        | 1 2 3 |  3.3
Shields        | 1 2 3 |  3.3
Unarmed Combat | 1 2 3 |  3.3
Evocations     | 1 2 3 |  3.3
Conjurations   | 1 2 |  2.7
Hexes          | 1 2 |  2.7
Charms         | 1 2 |  2.7
Summonings     | 1 2 |  2.7
Necromancy     | 1 2 |  2.7
Transmutations | 1 2 |  2.7
Fire Magic     | 1 2 |  2.7
Ice Magic      | 1 2 |  2.7
Air Magic      | 1 2 |  2.7
Earth Magic    | 1 2 |  2.7
Poison Magic   | 1 2 |  2.7
Throwing       | 3 4 |  4.2
Armour         | 3 4 |  4.2
Fighting       | 5 |  5.7
Maces & Flails | 5 |  5.7
Dodging        | 5 |  5.7
Translocations | 6 |  6.1

Action                   |  1- 3 |  4- 6 |  7- 9 || total
-------------------------+-------+-------+-------++-------
Melee: Mace              |   108 |   276 |   411 ||   795
       Bite              |     9 |    24 |    50 ||    83
       Punch             |       |     1 |     2 ||     3
Throw: Javelin           |       |     3 |     5 ||     8
       Tomahawk          |       |     1 |       ||     1
 Cast: Shroud of Golubri |     7 |     8 |    14 ||    29
       Blink             |     1 |       |       ||     1
       Teleport Other    |       |     6 |    10 ||    16
       Confuse           |       |       |     4 ||     4
  Use: Scroll            |       |     5 |     1 ||     6
 Stab: Sleeping          |     3 |     1 |     3 ||     7
       Confused          |       |       |     4 ||     4
  Eat: Chunk             |     2 |     7 |    14 ||    23
       Ration            |       |     1 |       ||     1
Armor: Leather armour    |    11 |       |       ||    11
       Ring mail         |    21 |    58 |   118 ||   197
       Scale mail        |       |     6 |       ||     6
Dodge: Dodged            |    97 |   227 |   300 ||   624
